 Dungeon Crawl Stone Soup version 0.20.0 (webtiles) character file.

121 Danakh the Slasher (level 5, -5/32 HPs)
             Began as a Tengu Warper on May 31, 2017.
             Slain by a worker ant (7 damage)
             ... on level 3 of the Dungeon.
             The game lasted 00:06:48 (2817 turns).

Danakh the Slasher (Tengu Warper)                   Turns: 2817, Time: 00:06:48

Health: -5/32      AC:  5    Str: 12    XL:     5   Next: 5%
Magic:  8/9        EV: 12    Int: 13    God:
Gold:   132        SH:  0    Dex: 14    Spells: 4/8 levels left

rFire    + . .     SeeInvis .   a - +0 falchion
rCold    . . .     Gourm    .   (no shield)
rNeg     . . .     Faith    .   b - +0 leather armour
rPois    .         Spirit   .   (helmet restricted)
rElec    .         Reflect  .   u - +0 cloak
rCorr    .         Harm     .   m - +0 pair of gloves
MR       .....                  (boots unavailable)
Stlth    +.........             (no amulet)
Regen    0.1/turn               q - ring of protection from fire
MPRegen  0.2/turn               (no ring)

@: no status effects
A: beak, talons 3, able to fly 1
a: Fly


You were on level 3 of the Dungeon.
You were not hungry.

You visited 1 branch of the dungeon, and saw 4 of its levels.

You collected 132 gold pieces.

Inventory:

Hand Weapons
 a - a +0 falchion (weapon)
Missiles
 e - 5 tomahawks of dispersal (quivered)
 o - 2 tomahawks
Armour
 b - a +0 leather armour (worn)
 m - a +0 pair of gloves (worn)
 u - a +0 cloak (worn)
Jewellery
 q - a ring of protection from fire (left hand)
Scrolls
 d - 3 scrolls of blinking
 g - 3 scrolls of identify {unknown}
 k - a scroll of teleportation {unknown}
 l - a scroll of fear {unknown}
 p - a scroll of remove curse {unknown}
 s - a scroll of immolation {unknown}
 w - a scroll of recharging {unknown}
Potions
 h - a potion of cancellation {unknown}
 j - a potion of resistance {unknown}
 n - a potion of mutation {unknown}
 t - 2 potions of curing
Books
 c - a book of Spatial Translocations

   Spells                             Type                      Level
   a - Blink                          Translocation                2
   b - Shroud of Golubria             Charms/Translocation         2
   c - Lesser Beckoning               Translocation                3
   d - Gell's Gravitas                Translocation                3
   e - Teleport Other                 Translocation                3
   f - Passage of Golubria            Translocation                4
Comestibles
 f - 5 bread rations
 i - 2 royal jellies
 r - a meat ration
 v - a chunk of flesh


   Skills:
 + Level 2.8 Fighting
 * Level 4.1 Long Blades
 - Level 1.0 Throwing
 + Level 2.3 Armour
 + Level 2.6 Dodging
 - Level 2.0 Spellcasting
 - Level 2.4 Translocations


You had 4 spell levels left.
You knew the following spells:

 Your Spells              Type           Power        Failure   Level  Hunger
b - Blink                 Tloc           N/A          19%         2    ###....
e - Shroud of Golubria    Chrm/Tloc      #.........   30%         2    ###....


Dungeon Overview and Level Annotations

Branches:
Dungeon (4/15)
 Temple: D:4-7

Altars:


Innate Abilities, Weirdness & Mutations

You have a beak for a mouth.
You have claws for feet.
You can fly.


Message History

You hit the worker ant but do no damage.
Your peck misses the worker ant.
The worker ant is heavily wounded.
The worker ant bites you but does no damage.
You hit the worker ant.
You claw the worker ant, but do no damage.
You peck the worker ant, but do no damage.
The worker ant is almost dead.
The worker ant bites you.
* * * LOW HITPOINT WARNING * * *
The worker ant bites you.
* * * LOW HITPOINT WARNING * * *
You hit the worker ant but do no damage.
You peck the worker ant, but do no damage.
The worker ant is almost dead.
The worker ant bites you but does no damage.
You closely miss the worker ant. You claw the worker ant.
The worker ant is almost dead.
The worker ant bites you!
You die...

...# #....##.##............##
...##########....##.........####
...........##..#.#.....#.#)....#
...............#.#.##..#.##.##.##
...........###.#.......#.##.#....
...........# #.#.#.#...#.##.#....
...#####.#####.........#.##.#....
#### #.........#######.##.#....
########.@........##.#....
#........a..).#####.##.##
#...................##...
#..................######
#..................#
#..................#
#..................#
#.............######
#.............#


You could see a worker ant.

Vanquished Creatures
  Terence (D:2)
  2 adders (D:3)
  2 worms
  3 leopard geckos (D:1)
  2 orcs (D:3)
  4 giant cockroaches
  4 goblins
  9 hobgoblins
  13 jackals
  5 bats
  7 frilled lizards
  A kobold (D:1)
  10 rats
63 creatures vanquished.

Notes
Turn   | Place    | Note
-------+----------+-------------------------------------------
     0 | D:1      | Danakh the Tengu Warper began the quest for the Orb.
     0 | D:1      | Reached XP level 1. HP: 12/12 MP: 4/4
   436 | D:1      | Reached XP level 2. HP: 17/17 MP: 6/6
   440 | D:1      | Learned a level 2 spell: Blink
   652 | D:1      | Reached skill level 3 in Long Blades
   811 | D:1      | Reached XP level 3. HP: 20/22 MP: 7/7
  1320 | D:2      | Learned a level 2 spell: Shroud of Golubria
  1739 | D:3      | Reached XP level 4. HP: 25/27 MP: 8/8
  2607 | D:2      | Reached skill level 4 in Long Blades
  2615 | D:2      | Noticed Terence
  2645 | D:2      | Killed Terence
  2645 | D:2      | Gained mutation: You can fly. [Tengu growth]
  2645 | D:2      | Reached XP level 5. HP: 17/32 MP: 7/9
  2723 | D:4      | Noticed an ogre
  2817 | D:3      | Slain by a worker ant

Skill      XL: |  1  2  3  4 |
---------------+-------------+-----
Long Blades    | 3 4 |  4.1
Armour         | 2 |  2.3
Fighting       | |  2.8
Throwing       | |  1.0
Dodging        | |  2.6
Spellcasting   | |  2.0
Translocations | |  2.4

Action                   |  1- 3 |  4- 6 || total
-------------------------+-------+-------++-------
Melee: Falchion          |   118 |    80 ||   198
       Kick              |    36 |    28 ||    64
       Peck              |    18 |    22 ||    40
 Cast: Shroud of Golubri |     1 |     4 ||     5
       Blink             |       |     1 ||     1
  Use: Potion            |       |     1 ||     1
 Stab: Sleeping          |     1 |       ||     1
  Eat: Chunk             |     2 |     5 ||     7
Armor: Leather armour    |    20 |    17 ||    37
Dodge: Dodged            |    76 |    37 ||   113
       Rpst.: Falchion   |    25 |    11 ||    36
